 Dungeon Crawl Stone Soup version 0.21-a0-404-g291f19a (webtiles) character file.

251 karf the Cutter (level 5, -3/38 HPs)
             Began as a Draconian Fire Elementalist on Oct 31, 2017.
             Killed themself with a badly aimed iceblast (13 damage)
             ... on level 4 of the Dungeon.
             The game lasted 00:13:02 (4087 turns).

karf the Cutter (Draconian Fire Elementalist)       Turns: 4087, Time: 00:13:03

Health: -3/38      AC:  6    Str: 10    XL:     5   Next: 88%
Magic:  2/8        EV: 12    Int: 16    God:
Gold:   163        SH:  0    Dex: 12    Spells: 5/8 levels left

rFire    + . .     SeeInvis .   h - +1 dagger (speed)
rCold    . . .     Gourm    .   (no shield)
rNeg     . . .     Faith    .   (armour unavailable)
rPois    .         Spirit   .   (helmet restricted)
rElec    .         Reflect  .   (no cloak)
rCorr    .         Harm     .   t - +0 pair of gloves
MR       .....                  (no boots)
Stlth    ++........             (no amulet)
HPRegen  0.12/turn              p - ring of protection from fire
MPRegen  0.11/turn              (no ring)

@: no status effects
A: unfitting armour, cold-blooded, AC +5
a: no special abilities


You were on level 4 of the Dungeon.
You were very hungry.

You visited 1 branch of the dungeon, and saw 4 of its levels.

You collected 163 gold pieces.

Inventory:

Hand Weapons
 h - a +1 dagger of speed (weapon)
Armour
 t - a +0 pair of gloves (worn)
Jewellery
 p - a ring of protection from fire (left hand)
Wands
 m - a wand of random effects (31/48)
 n - a wand of iceblast (7/15)
Scrolls
 c - a scroll of blinking {unknown}
 g - 3 scrolls of identify
 i - 2 scrolls of remove curse
 j - 2 scrolls of recharging {unknown}
 l - 3 scrolls of teleportation {unknown}
 r - a scroll of enchant armour {unknown}
Potions
 d - 2 potions of heal wounds {unknown}
 e - 2 potions of curing
 o - a potion of invisibility {unknown}
 q - a potion of might {unknown}
 s - a potion of ambrosia {unknown}
Books
 a - a book of Flames

   Spells                             Type                      Level
   a - Flame Tongue                   Conjuration/Fire             1
   b - Throw Flame                    Conjuration/Fire             2
   c - Conjure Flame                  Conjuration/Fire             3
   d - Inner Flame                    Hexes/Fire                   3
   e - Sticky Flame                   Conjuration/Fire             4
   f - Fireball                       Conjuration/Fire             5
Comestibles
 b - 2 bread rations
 f - 4 fruits
 k - a meat ration


   Skills:
 + Level 4.5 Short Blades
 - Level 2.1 Dodging
 - Level 1.7 Stealth
 - Level 2.2 Spellcasting
 - Level 1.4 Conjurations
 - Level 4.0 Fire Magic


You had 5 spell levels left.
You knew the following spells:

 Your Spells              Type           Power        Failure   Level  Hunger
a - Flame Tongue          Conj/Fire      ##...        6%          1    #......
b - Throw Flame           Conj/Fire      ##....       10%         2    ###....


Dungeon Overview and Level Annotations

Branches:
Dungeon (4/15)
 Temple: D:4-7

Altars:
Xom

Annotations:
D:4 1 transporter


Innate Abilities, Weirdness & Mutations

Your plain brown scales are hard. (AC +5)
You cannot fit into any form of body armour.
You are cold-blooded and may be slowed by cold attacks.


Message History

You hit something.
You feel less confused.
You miss something. You tail-slap something.
You hear some strange, mumbled words.
A magic dart appears from out of thin air!
The magic dart hits you!
* * * LOW HITPOINT WARNING * * *
Okay, then.
As you read the scroll labeled TOOBRA PAUR, it crumbles to dust.
It is a scroll of identify.
e - 2 potions of curing Something hits you but does no damage.
An orc comes into view. It is wielding a short sword.
Aiming: Iceblast (will waste charges)
Press: ? - help, Shift-Dir - straight line, f - orc
Aim: an orc, wielding a war axe and wearing a chain mail The mass of ice explodes!
The iceblast engulfs something.
Reactivating autopickup.
You feel a bit more experienced. The iceblast engulfs you!
You die...

...O...<.......
#............#. ..
....).......## ..
....#..###### #. ..#
##o. . . .#o### .#
#.#...#####.#
#..##.###.o.#.).#
.......@)o....###
###########.....##
≈≈≈≈≈≈;#P8#....<)##
.......#..#(......##
...⌠...+/©#©....#..###
.......#..#.....##...#
≈≈≈≈≈≈;#P8#....[####.#
###########.##### #.#
........# ###.#


You could see 2 electric eels and 2 orcs.

Vanquished Creatures
  2 orc wizards (D:4)
  9 adders
  3 gnolls (D:2)
  An ooze (D:3)
  2 worms
  2 dart slugs
  3 orcs (D:4)
  2 giant cockroaches
  4 goblins
  8 hobgoblins
  11 jackals
  3 quokkas
  2 ball pythons (D:1)
  7 bats
  4 frilled lizards
  10 kobolds
  5 rats
78 creatures vanquished.

Notes
Turn   | Place    | Note
-------+----------+-------------------------------------------
     0 | D:1      | karf the Draconian Fire Elementalist began the quest for the Orb.
     0 | D:1      | Reached XP level 1. HP: 14/14 MP: 3/3
   248 | D:1      | Reached XP level 2. HP: 20/20 MP: 3/5
   921 | D:1      | Reached XP level 3. HP: 18/26 MP: 0/6
  1578 | D:2      | Reached skill level 1 in Short Blades
  1603 | D:2      | Reached XP level 4. HP: 24/33 MP: 0/7
  1696 | D:2      | Learned a level 2 spell: Throw Flame
  2222 | D:2      | Found a shimmering altar of Xom.
  2347 | D:2      | Reached XP level 5. HP: 32/38 MP: 0/8
  3718 | D:4      | Noticed an ogre
  3770 | D:4      | Found a transporter.
  4087 | D:4      | Killed themself with a badly aimed iceblast

Vault maps used:
D:1:      tarquinn_simple_flora_water_e, st_stairs_10, corexii_leaking_fountain
D:2:      nicolae_overflow_hidden_temple, xom_butterflies, minmay_pentomino_z2
D:4:      gammafunk_steamed_eel, kiku_gazebo_garden_becter, serial_shops, shop,
          first_bread, uniq_blork_the_orc, uniq_robin

Skill      XL: |  1  2  3  4  5 |
---------------+----------------+-----
Dodging        | 2 |  2.1
Short Blades   | 1 3 4 |  4.5
Fire Magic     | 4 |  4.0
Stealth        | |  1.7
Spellcasting   | |  2.2
Conjurations   | |  1.4

Action                   |  1- 3 |  4- 6 || total
-------------------------+-------+-------++-------
Melee: Dagger            |    21 |    73 ||    94
       Tailslap          |     2 |     4 ||     6
 Cast: Flame Tongue      |    66 |    18 ||    84
       Throw Flame       |       |    49 ||    49
  Use: Scroll            |     3 |     1 ||     4
 Stab: Sleeping          |       |     3 ||     3
  Eat: Chunk             |     3 |    10 ||    13
Armor: Skin              |    20 |    16 ||    36
Dodge: Dodged            |    41 |    37 ||    78

Table legend:
 A = Spawn XP
 B = Non-spawn XP
 C = Spawn XP percentage of total XP
 D = Spawn monster count
 E = Non-spawn monster count
 F = Spawn count percentage of total count
 G = Total turns spent on level
                    A         B        C        D         E        F      G
               +---------+---------+-------+---------+---------+-------+---------
         Total |       0 |     359 |   0.0 |       0 |      78 |   0.0 |  4087
               +---------+---------+-------+---------+---------+-------+---------
           D:1 |       0 |      42 |   0.0 |       0 |      25 |   0.0 |  1183
           D:2 |       0 |     165 |   0.0 |       0 |      32 |   0.0 |  1701
           D:3 |       0 |      53 |   0.0 |       0 |      13 |   0.0 |  1099
           D:4 |       0 |      99 |   0.0 |       0 |       8 |   0.0 |   104
               +---------+---------+-------+---------+---------+-------+---------
